 Dungeon Crawl Stone Soup version 0.29.1-15-g9cfb28693d (webtiles) character file.

Game seed: 13649519085650121922

15299 Eitelfritz the Carver (level 12, 0/110 HPs)
             Began as a Minotaur Gladiator on Apr 12, 2023.
             Was an Elder of Wu Jian.
             Shot with an arrow by Nessos (7 damage)
             ... on level 12 of the Dungeon.
             The game lasted 00:31:03 (15042 turns).

Eitelfritz the Carver (Minotaur Gladiator)         Turns: 15042, Time: 00:31:04

Health: 0/110      AC: 22    Str: 28    XL:     12   Next: 0%
Magic:  0/11       EV: 15    Int:  7    God:    Wu Jian [****..]
Gold:   820        SH:  0    Dex: 12    Spells: 11/11 levels left

rFire   + . .      SeeInvis .   a - +1 scimitar (flame)
rCold   . . .      Faith    .   (no shield)
rNeg    . . .      Spirit   +   P - +2 chain mail {rF+}
rPois   .          Reflect  .   c - +2 hat
rElec   .          Harm     .   w - +2 cloak
rCorr   .          Rampage  .   (no gloves)
Will    .....                   T - +1 pair of boots
Stlth   ..........              y - amulet of guardian spirit
HPRegen 0.28/turn               k - +4 ring of evasion
MPRegen 0.12/turn               v - +6 ring of strength

@: lethally poisoned (0 -> -20)
A: horns 2, retaliatory headbutt
a: Renounce Religion, Wall Jump, Serpent's Lash


You were on level 12 of the Dungeon.
You worshipped Wu Jian.
Wu Jian was greatly pleased with you.
You visited 1 branch of the dungeon, and saw 12 of its levels.
You also visited: Ossuary.

You collected 820 gold pieces.

Inventory:

Hand Weapons
 a - a +1 scimitar of flaming (weapon)
 b - a +0 shortbow
 o - a +1 hand axe of flaming
 V - a +3 falchion of holy wrath
Missiles
 d - 3 throwing nets
 e - a javelin
 j - 43 poisoned darts (quivered)
 t - 11 boomerangs
Armour
 c - a +2 hat (worn)
 w - a +2 cloak (worn)
 x - a +0 buckler
 O - a +0 scale mail of poison resistance
 P - a +2 chain mail of fire resistance (worn)
 T - a +1 pair of boots (worn)
Jewellery
 g - a ring of fire
 k - a +4 ring of evasion (left hand)
 v - a +6 ring of strength (right hand)
 y - an amulet of guardian spirit (around neck)
 F - a ring of magical power
 L - an amulet of the acrobat
 M - a ring of positive energy
 R - a ring of protection from fire
Wands
 m - a wand of polymorph (10)
 z - a wand of flame (8)
 B - a wand of light (5)
 G - a wand of iceblast (19)
 N - a wand of charming (5)
 U - a wand of mindburst (3)
Scrolls
 f - 10 scrolls of teleportation
 l - 4 scrolls of fear
 A - 3 scrolls of blinking
 D - 2 scrolls of poison
 I - a scroll of amnesia
 K - 4 scrolls of identify
Potions
 h - 6 potions of flight
 i - 2 potions of invisibility
 n - 3 potions of curing
 p - a potion of resistance
 q - 3 potions of mutation
 r - 2 potions of magic
 u - 2 potions of ambrosia
 H - 2 potions of lignification
 J - 3 potions of attraction
 Q - a potion of might
 S - a potion of berserk rage


   Skills:
 + Level 11.0 Fighting
 + Level 14.8 Long Blades
 + Level 2.1 Throwing
 + Level 13.0 Armour
 + Level 6.6 Dodging
 + Level 2.4 Stealth


You had 11 spell levels left.
You didn't know any spells.
Your spell library contained the following spells:

 Spells                   Type           Power      Damage    Failure   Level
 Sandblast                Erth           0%         2d4       87%         1
 Blink                    Tloc           0%         N/A       95%         2
 Ensorcelled Hibernation  Hex/Ice        0%         N/A       95%         2
 Passwall                 Tmut/Erth      0%         N/A       95%         2
 Gell's Gravitas          Tloc           0%         N/A       99%         3
 Lesser Beckoning         Tloc           0%         N/A       99%         3
 Spider Form              Tmut/Pois      0%         N/A       99%         3
 Stone Arrow              Conj/Erth      0%         3d7       99%         3
 Teleport Other           Tloc           0%         N/A       99%         3
 Tukima's Dance           Hex            0%         N/A       99%         3
 Anguish                  Hex/Necr       0%         N/A       100%        4
 Passage of Golubria      Tloc           0%         N/A       100%        4
 Fireball                 Conj/Fire      0%         3d3       100%        5
 Iskenderun's Battlesphe  Conj           0%         2d6       100%        5
 Manifold Assault         Tloc           0%         N/A       100%        5
 Yara's Violent Unravell  Hex/Tmut       0%         3d3       100%        5
 Conjure Ball Lightning   Conj/Air       0%         3x3d6     100%        6
 Dispersal                Tloc           0%         N/A       100%        6
 Orb of Destruction       Conj           0%         9d5       100%        7


Dungeon Overview and Level Annotations

Branches:
Dungeon (12/15)            Temple (0/1) D:6            Lair (0/5) D:9
    Orc (0/2) D:10        Ossuary (visited)

Altars:
Ashenzari
Cheibriados
Gozag
Hepliaklqana
Kikubaaqudgha
Makhleb
Qazlal
Sif Muna
Uskayaw
Vehumet
Wu Jian
Xom
Zin
The Shining One

Shops:
D:6 :

Annotations:
D:11 4 transporters
D:12 Nessos


Innate Abilities, Weirdness & Mutations

You have a pair of horns on your head.
You reflexively headbutt those who attack you in melee.


Message History

Nessos unwields a +1 longbow of flaming.
It stops flaming.
Nessos closely misses you. You furiously retaliate!
You headbutt Nessos. Nessos kicks you but does no damage.
Nessos stands on their hind legs for a moment.
Nessos hits you.
* * * LOW HITPOINT WARNING * * *
Nessos misses you.
You slash Nessos! You burn Nessos.
Nessos is moderately wounded.
Nessos casts a spell.
Nessos blinks!
Nessos wields a +1 longbow of flaming.
It bursts into flame!
Nessos shoots an arrow.
The arrow hits you.
* * * LOW HITPOINT WARNING * * *
The arrow burns you.
You are poisoned.
* * * LOW HITPOINT WARNING * * *
You feel better.
Nessos shoots an arrow.
The arrow hits you.
* * * LOW HITPOINT WARNING * * *
The arrow burns you.
You are poisoned.
* * * LOW HITPOINT WARNING * * *
Nessos shoots an arrow.
The arrow hits you!
* * * LOW HITPOINT WARNING * * *
The arrow burns you.
* * * LOW HITPOINT WARNING * * *
Unknown command.
You feel better.
Nessos shoots an arrow.
The arrow completely misses you.
Nessos shoots an arrow.
The arrow hits you.
* * * LOW HITPOINT WARNING * * *
You are poisoned.
Unknown command.
You feel sick.
Nessos shoots an arrow.
The arrow hits you.
* * * LOW HITPOINT WARNING * * *
Nessos shoots an arrow.
The arrow hits you.
* * * LOW HITPOINT WARNING * * *
The arrow burns you.
You are lethally poisoned!
* * * LOW HITPOINT WARNING * * *
Nessos shoots an arrow.
The arrow hits you!
You die...

#######.######.##.##
.^..................
#.......#.....###.#.
#######.#...#####.#.
#.....#.......#...
#.#####..####.###. #.#
#..# #.##.. #.# #..#
#.##.. #@# #..## #.##..
#.#####.#####....##.####
#.......c...............
#####.########......###.
#.# ##..#.##.###. #.#
#.#.#.###.##) #.#
#..#.##.###. #.#
#.#.#.## #. #.# #....##
#.


You could see Nessos (fast, strong).

Vanquished Creatures
  2 two-headed ogres
  Amaemon (D:8)
  Pikel (D:7)
  Maurice (D:11)
  An orange demon (D:8)
  Psyche (D:7)
  A gargoyle (D:12)
  A kobold demonologist (D:9)
  An efreet (D:12)
  4 trolls
  2 wraiths
  A shadow (D:11)
  26 yaks
  4 humans
  A basilisk (D:12)
  3 wyverns
  2 vampire mosquitoes (D:11)
  6 wargs
  3 water moccasins
  2 sky beasts
  4 orc warriors
  2 black bears
  2 ogres
  3 centaurs
  6 kobold brigands
  2 gnoll sergeants
  A bullfrog (D:6)
  A necrophage (D:7)
  4 scorpions
  4 wights (D:8)
  11 killer bees
  2 howler monkeys
  5 hounds
  10 orc priests
  Crazy Yiuf (D:3)
  Jessica (D:3)
  5 iguanas
  13 orc wizards
  8 mummies (Ossuary)
  Robin (D:3)
  5 gnolls (D:11)
  7 adders
  A shadow imp (D:6)
  A white imp (D:6)
  A worm (D:3)
  2 dart slugs
  37 orcs
  3 endoplasms
  2 giant cockroaches
  3 gnoll zombies (Ossuary)
  14 goblins
  11 hobgoblins
  3 jackals (D:3)
  14 kobolds
  4 quokkas
  3 ball pythons
  3 bats
  6 frilled lizards
  A hobgoblin zombie (Ossuary)
  A kobold zombie (Ossuary)
  3 orc zombies (Ossuary)
  7 rats
  A spectral orc (D:4)
283 creatures vanquished.

Vanquished Creatures (others)
  An orc wizard (D:10)
  3 plants (D:4)
4 creatures vanquished.

Grand Total: 287 creatures vanquished

Notes
Turn   | Place    | Note
-------+----------+-------------------------------------------
     0 | D:1      | Eitelfritz the Minotaur Gladiator began the quest for the
                  | Orb.
     0 | D:1      | Reached XP level 1. HP: 18/18 MP: 0/0
   245 | D:1      | Reached skill level 4 in Long Blades
   343 | D:1      | Reached XP level 2. HP: 24/25 MP: 1/1
   507 | D:1      | Found a faded altar of an unknown god.
  1203 | D:2      | Reached XP level 3. HP: 26/30 MP: 2/2
  1797 | D:3      | Noticed Robin
  1809 | D:3      | Killed Robin
  1842 | D:3      | Reached XP level 4. HP: 15/38 MP: 3/3
  1845 | D:3      | Reached skill level 1 in Armour
  2084 | D:3      | Noticed Jessica
  2089 | D:3      | Killed Jessica
  2090 | D:3      | Reached skill level 5 in Long Blades
  2101 | D:3      | Found an opulent altar of Gozag.
  2850 | D:3      | Found a runed translucent door.
  2851 | D:3      | Noticed Crazy Yiuf
  2908 | D:3      | Reached XP level 5. HP: 42/46 MP: 4/4
  3172 | D:3      | Killed Crazy Yiuf
  3477 | D:4      | Reached skill level 6 in Long Blades
  3724 | D:4      | Reached XP level 6. HP: 18/53 MP: 5/5
  4187 | D:4      | Found a hazy altar of Hepliaklqana.
  4238 | D:4      | Found an ornate altar of the Wu Jian Council.
  4248 | D:4      | Became a worshipper of the Wu Jian Council
  4612 | D:5      | Entered Level 5 of the Dungeon
  5105 | D:5      | Reached XP level 7. HP: 23/60 MP: 6/6
  5320 | D:5      | Reached skill level 5 in Fighting
  5321 | D:5      | Reached * piety under Wu Jian
  5404 | D:5      | Reached skill level 7 in Long Blades
  6040 | D:6      | Found a staircase to the Ecumenical Temple.
  6149 | D:6      | Found a glowing golden altar of the Shining One.
  6224 | D:6      | Found a burning altar of Makhleb.
  6228 | D:6      | Reached skill level 1 in Stealth
  6249 | D:6      | Reached XP level 8. HP: 57/70 MP: 7/7
  6352 | D:6      | Reached skill level 5 in Armour
  6352 | D:6      | Found a broken altar of Ashenzari.
  6365 | D:6      | Reached skill level 8 in Long Blades
  6571 | D:6      | Found Byagoef's Book Shop.
  6713 | D:6      | Found a shimmering altar of Xom.
  6890 | D:7      | Reached skill level 9 in Long Blades
  6921 | D:7      | Noticed Pikel
  6939 | D:7      | Killed Pikel
  6940 | D:7      | Reached skill level 5 in Dodging
  6961 | D:7      | Reached skill level 10 in Long Blades
  6961 | D:7      | Reached XP level 9. HP: 28/78 MP: 8/8
  6991 | D:7      | Found a sand-covered staircase.
  6995 | Ossuary  | Entered an ossuary
  7051 | Ossuary  | Reached ** piety under Wu Jian
  8018 | D:8      | Noticed Psyche
  8189 | D:8      | Noticed a troll
  8212 | D:7      | Killed Psyche
  8213 | D:7      | Reached skill level 11 in Long Blades
  8502 | D:8      | Killed a troll
  8739 | D:8      | Noticed Amaemon
  8739 | D:8      | Noticed an orange demon
  9144 | D:8      | Killed Amaemon
  9145 | D:8      | Reached XP level 10. HP: 64/89 MP: 2/9
  9374 | D:8      | Killed an orange demon
  9375 | D:8      | Reached skill level 12 in Long Blades
  9560 | D:8      | Found a glowing silver altar of Zin.
  9963 | D:9      | Reached *** piety under Wu Jian
  9997 | D:9      | Reached skill level 10 in Armour
 10480 | D:9      | Found a radiant altar of Vehumet.
 10535 | D:9      | Noticed a two-headed ogre
 10555 | D:9      | Killed a two-headed ogre
 10578 | D:9      | Found a staircase to the Lair.
 10848 | D:9      | Found a snail-covered altar of Cheibriados.
 10848 | D:9      | Found a hide-covered altar of Uskayaw.
 10891 | D:9      | Reached skill level 13 in Long Blades
 10910 | D:9      | Reached XP level 11. HP: 27/97 MP: 5/10
 11783 | D:10     | Entered Level 10 of the Dungeon
 11980 | D:10     | Reached **** piety under Wu Jian
 12101 | D:10     | Found a staircase to the Orcish Mines.
 12216 | D:10     | Noticed an eight-headed hydra
 12316 | D:10     | Found an ancient bone altar of Kikubaaqudgha.
 12476 | D:10     | Found a shimmering blue altar of Sif Muna.
 12557 | D:10     | Identified the +8 quarterstaff "Budwikor" {vorpal, Dex+2
                  | Stlth+}
 12961 | D:10     | Found a stormy altar of Qazlal.
 13103 | D:11     | Found a transporter.
 13152 | D:11     | Found a transporter.
 13201 | D:11     | Reached skill level 10 in Fighting
 13213 | D:11     | Reached skill level 14 in Long Blades
 13841 | D:11     | Noticed Maurice
 13853 | D:11     | Killed Maurice
 14029 | D:11     | Noticed a two-headed ogre
 14048 | D:11     | Killed a two-headed ogre
 14338 | D:11     | Found a transporter.
 14457 | D:11     | Found a transporter.
 14586 | D:12     | Noticed an eight-headed hydra
 14943 | D:12     | Reached XP level 12. HP: 103/110 MP: 11/11
 15011 | D:12     | Noticed Nessos
 15042 | D:12     | Shot with an arrow by Nessos

Illustrated notes

Levels and vault maps discovered:
D:1:      matt_arrival_grand_opening, layout_basic,
          ebering_ecumenical_altar_mist
D:2:      layout_basic
D:3:      layout_basic, grunt_gozag_statues, minmay_fractal_squares_gapless_5,
          uniq_crazy_yiuf_cottage, uniq_robin, uniq_jessica
D:4:      layout_cave_pools, mainiacjoe_overflow_chevrons,
          nicolae_hepliaklqana_monster_ancestors, nicolae_zen_rock_garden
D:5:      layout_gridville
D:6:      layout_loops_cross, mainiacjoe_overflow_boulevard,
          makhleb_heckhound_becter, evilmike_ruin_ashenzari,
          mainiacjoe_overflow_small_starburst, temple_doors_e, serial_shops,
          shop
D:7:      layout_basic, enter_ossuary_5, minmay_misc_feat_cross,
          hangedman_decor_peaks_small, uniq_pikel
D:8:      layout_cave_pools, kennysheep_mini, uniq_psyche, uniq_amaemon
D:9:      layout_rooms, lemuel_tele_altar, jmf_multi_god_temple,
          erik_lair_orcish_takeover
D:10:     layout_long_grid, kiku_gazebo_pond_becter, tgw_sif,
          nicolae_qazlal_scattered_showers, minmay_orc_entry_guard_dogs,
          minmay_ruffians
D:11:     layout_loops_corners, nicolae_transporter_intersection, uniq_maurice
D:12:     layout_loops_ring, roderic_lattice_a, uniq_josephine, uniq_nessos

Skill      XL: |  1  2  3  4  5  6  7  8  9 10 11 |
---------------+----------------------------------+-----
Long Blades    | 4 5 6 7 10 11 13 14 | 14.8
Fighting       | 3 4 6 8 9 11 | 11.0
Armour         | 1 2 4 6 9 11 13 | 13.0
Dodging        | 4 5 6 |  6.6
Stealth        | 1 2 |  2.4
Throwing       | |  2.1

Action                   |  1- 3 |  4- 6 |  7- 9 | 10-12 || total
-------------------------+-------+-------+-------+-------++-------
Melee: Long sword        |   111 |    32 |       |       ||   143
       Headbutt          |    14 |    25 |    63 |   146 ||   248
       Punch             |     1 |       |     3 |     7 ||    11
       Falchion          |       |   110 |   346 |   608 ||  1064
       Scimitar          |       |       |       |     3 ||     3
Throw: Dart              |       |     1 |       |       ||     1
Invok: Lunge             |       |     7 |    23 |    41 ||    71
       Whirlwind         |       |       |    23 |    41 ||    64
 Abil: Wall Jump         |       |       |       |     1 ||     1
  Use: Scroll            |       |    11 |    11 |     7 ||    29
       Potion            |       |     1 |     5 |     6 ||    12
Armor: Leather armour    |     3 |       |       |       ||     3
       Scale mail        |    51 |    45 |    20 |    17 ||   133
       Chain mail        |       |       |   168 |   180 ||   348
Dodge: Dodged            |    76 |    48 |   199 |   295 ||   618
